 Dungeon Crawl Stone Soup version 0.27.1-16-g815e20cd7a (webtiles) character file.

Game seed: 14645565691497830059

236 Gabide the Insei (level 6, -1/48 HPs)
             Began as a Human Monk on Nov 21, 2021.
             Slain by Crazy Yiuf (6 damage)
             ... on level 3 of the Dungeon.
             The game lasted 00:10:34 (4188 turns).

Gabide the Insei (Human Monk)                       Turns: 4188, Time: 00:10:35

Health: -1/48      AC:  2    Str: 13    XL:     6   Next: 27%
Magic:  6/6        EV: 14    Int: 10    God:
Gold:   61         SH:  0    Dex: 22    Spells: 5/5 levels left

rFire    . . .     SeeInvis .     - Unarmed
rCold    . . .     Faith    .   (no shield)
rNeg     . . .     Spirit   .   a - +0 robe
rPois    .         Reflect  .   (no helmet)
rElec    .         Harm     .   (no cloak)
rCorr    .         Rampage  .   (no gloves)
Will     .....                  (no boots)
Stlth    +++.......             (no amulet)
HPRegen  0.16/turn              k - +6 ring of dexterity
MPRegen  0.10/turn              (no ring)

@: very slightly contaminated, invisible
A: no striking features
a: no special abilities


You were on level 3 of the Dungeon.
You visited 1 branch of the dungeon, and saw 4 of its levels.

You collected 61 gold pieces.

Inventory:

Armour
 a - a +0 robe (worn)
Jewellery
 k - a +6 ring of dexterity (left hand)
Scrolls
 d - 2 scrolls of vulnerability
Potions
 b - a potion of brilliance {unknown}
 c - a potion of attraction {unknown}
 e - 2 potions of ambrosia
 f - a potion of degeneration {unknown}
 g - a potion of haste {unknown}
 i - 2 potions of invisibility
 j - a potion of mutation {unknown}


   Skills:
 + Level 3.7 Fighting
 + Level 4.1 Dodging
 + Level 3.5 Stealth
 + Level 4.6 Unarmed Combat


You had 5 spell levels left.
You didn't know any spells.
Your spell library contained the following spells:

 Spells                   Type           Power      Damage    Failure   Level
 Shock                    Conj/Air       0%         1d3       36%         1
 Swiftness                Air            0%         N/A       75%         3
 Airstrike                Air            0%         N/A       98%         4
 Fulminant Prism          Conj/Hex       0%         3d6       98%         4
 Iskenderun's Mystic Bla  Conj/Tloc      0%         2d3       98%         4
 Lee's Rapid Deconstruct  Erth           0%         3d5*      100%        5


Dungeon Overview and Level Annotations

Branches:
Dungeon (4/15)
 Temple: D:4-7

Altars:

Shops:
D:2 =

Annotations:
D:3 Crazy Yiuf


Message History

Sigmund is almost dead.
You catch the helpless Sigmund completely off-guard!
You hit Sigmund.
You kill Sigmund!
You hear a splash. x2
Your Dodging skill increases to level 4!
Your Stealth skill increases to level 3!
Your Unarmed Combat skill increases to level 4!
You have reached level 5!
You have reached level 6!
Your experience leads to an increase in your attributes!
Your base attributes are Str 12, Int 10, Dex 16.
Increase (S)trength, (I)ntelligence, or (D)exterity?
You feel stronger.
You enter the shallow water.
Moving in this stuff is going to be slow. ...and don't expect to remain undetected.
Things that are here:
a +0 scythe; a +0 robe; the human corpse of Sigmund As you open the door, it creaks loudly!
You catch the helpless Crazy Yiuf completely off-guard!
You hit Crazy Yiuf. You punch Crazy Yiuf.
Crazy Yiuf is moderately wounded.
Crazy Yiuf closely misses you.
You catch the helpless Crazy Yiuf completely off-guard!
You hit Crazy Yiuf.
Crazy Yiuf is heavily wounded.
Crazy Yiuf grits, "Goober!
Lugonu cloud senile."
Crazy Yiuf hits you with a +2 quarterstaff of chaos!
Crazy Yiuf freezes you!
There is an open translucent door here.
You completely miss Crazy Yiuf.
Crazy Yiuf is heavily wounded.
Crazy Yiuf barely misses you.
You punch Crazy Yiuf!
Crazy Yiuf is almost dead.
Crazy Yiuf hits you with a +2 quarterstaff of chaos!
* * * LOW HITPOINT WARNING * * *
Crazy Yiuf burns you.
You die...

..........#..###.#.#.###.##≈≈####
......###.#......#.#.###.##.≈≈###
............................≈≈≈..
###...###.################...≈##.
.##.......# #..#.##. .##...###.#
♣♣♣♣♣##....... .##.......# ####
♣♣♣.♣..+........ ......#####
#..g#♣..♣............ ###...#####
#...@.♣♣♣♣........... #.#.##..#
#)..#♣♣ ♣♣.+..##.... #.#.....#
#### ♣♣##.##.... ###.####..#
#.##.... ......##..# #..#.##.
###.#.##..#################.#.##.
# #.........#...........# #...#..
# ###.##....#...........# ##.≈#..
# #.#<....#...........####≈)≈..


You could see Crazy Yiuf.

Vanquished Creatures
  Sigmund (D:3)
  An adder (D:3)
  A worm (D:2)
  4 dart slugs
  An orc (D:3)
  2 ball pythons
  An endoplasm (D:1)
  5 giant cockroaches
  8 goblins
  7 hobgoblins
  4 jackals (D:3)
  6 kobolds
  3 quokkas (D:3)
  6 bats
  8 frilled lizards
  6 rats
64 creatures vanquished.

Notes
Turn   | Place    | Note
-------+----------+-------------------------------------------
     0 | D:1      | Gabide the Human Monk began the quest for the Orb.
     0 | D:1      | Reached XP level 1. HP: 18/18 MP: 1/1
   133 | D:1      | Reached XP level 2. HP: 6/24 MP: 2/2
   549 | D:1      | Reached XP level 3. HP: 21/29 MP: 3/3
  1132 | D:1      | Found a faded altar of an unknown god.
  1519 | D:2      | Found Jejudafa's Jewellery Shoppe.
  1661 | D:2      | Reached XP level 4. HP: 28/35 MP: 4/4
  2681 | D:3      | Found a runed translucent door.
  2682 | D:3      | Noticed Crazy Yiuf
  2833 | D:3      | Noticed Sigmund
  3818 | D:4      | Noticed an ogre
  4165 | D:3      | Killed Sigmund
  4166 | D:3      | Reached XP level 5. HP: 33/42 MP: 5/5
  4166 | D:3      | Reached XP level 6. HP: 38/48 MP: 6/6
  4188 | D:3      | Slain by Crazy Yiuf

Illustrated notes

Levels and vault maps discovered:
D:1:      lemuel_arrival_cross, layout_basic, chequers_ecumenical_altar_grove,
          chequers_serial_rivers_small_3
D:2:      layout_basic, serial_shops, nicolae_shop_statue_plus
D:3:      layout_basic, serial_rivers, chequers_serial_rivers_small_3,
          chequers_serial_rivers_micro_d, chequers_serial_rivers_small_a,
          chequers_serial_rivers_small_a, uniq_sigmund, uniq_crazy_yiuf_cottage
D:4:      layout_rooms, uniq_eustachio

Skill      XL: |  1  2  3  4 |
---------------+-------------+-----
Dodging        | 4 |  4.1
Stealth        | 3 |  3.5
Unarmed Combat | 4 |  4.6
Fighting       | |  3.7

Action                   |  1- 3 |  4- 6 || total
-------------------------+-------+-------++-------
Melee: Unarmed           |   152 |   122 ||   274
       Punch             |     2 |     3 ||     5
  Use: Scroll            |     3 |     2 ||     5
       Potion            |       |     2 ||     2
 Stab: Sleeping          |     3 |     3 ||     6
       Invisible         |       |     7 ||     7
Armor: Robe              |    36 |    26 ||    62
Dodge: Dodged            |   102 |   119 ||   221
